 Dungeon Crawl Stone Soup version 0.27-a0-1557-g57f10a385c (webtiles) character file.

Game seed: 5736132830131594323

49 nyamberluvr69 the Slasher (level 3, -1/22 HPs)
             Began as a Deep Elf Fighter on July 16, 2021.
             Slain by a ball python (2 damage)
             ... on level 3 of the Dungeon.
             The game lasted 00:03:58 (2150 turns).

nyamberluvr69 the Slasher (Deep Elf Fighter)        Turns: 2150, Time: 00:03:59

Health: -1/22      AC:  6    Str: 14    XL:     3   Next: 53%
Magic:  5/5        EV:  3    Int: 12    God:
Gold:   124        SH:  8    Dex: 14    Spells: 2/2 levels left

rFire    . . .     SeeInvis .   a - +0 long sword
rCold    . . .     Faith    .   c - +0 kite shield
rNeg     . . .     Spirit   .   b - +0 scale mail
rPois    .         Reflect  .   (no helmet)
rElec    .         Harm     .   (no cloak)
rCorr    .         Rampage  .   (no gloves)
Will     .....                  (no boots)
Stlth    ..........             (no amulet)
HPRegen  0.07/turn              (no ring)
MPRegen  0.09/turn              (no ring)

@: mighty, constricted, studying Slings
A: no striking features
a: no special abilities


You were on level 3 of the Dungeon.
You visited 1 branch of the dungeon, and saw 3 of its levels.

You collected 124 gold pieces.

Inventory:

Hand Weapons
 a - a +0 long sword (weapon)
Armour
 b - a +0 scale mail (worn)
 c - a +0 kite shield (worn)
 l - a +0 chain mail
 q - a +0 scale mail
Jewellery
 e - a ring of poison resistance
 i - a +6 ring of dexterity
Scrolls
 f - a scroll of magic mapping {unknown}
 j - a scroll of teleportation {unknown}
 k - a scroll of noise {unknown}
 m - a scroll of summoning {unknown}
 n - a scroll of blinking {unknown}
 o - a scroll of vulnerability {unknown}
 r - 3 scrolls of identify {unknown}
 s - a scroll of enchant weapon {unknown}
Potions
 g - a potion of cancellation {unknown}
 h - a potion of brilliance {unknown}
 p - a potion of attraction {unknown}


   Skills:
 + Level 2.9 Fighting
 * Level 3.1 Long Blades
 - Level 2.4 Armour
 - Level 2.4 Shields


You had 2 spell levels left.
You didn't know any spells.
Your spell library contained the following spells:

 Spells                   Type           Power      Damage    Failure   Level
 Apportation              Tloc           0%         N/A       100%        1
 Freeze                   Ice            0%         1d3       100%        1
 Frozen Ramparts          Ice            0%         1d2       100%        3
 Portal Projectile        Hex/Tloc       0%         N/A       100%        3
 Hailstorm                Conj/Ice       0%         3d3       100%        4
 Alistair's Intoxication  Tmut/Pois      0%         N/A       100%        5
 Blade Hands              Tmut           0%         N/A       100%        5
 Excruciating Wounds      Necr           0%         N/A       100%        5
 Invisibility             Hex            0%         N/A       100%        6


Dungeon Overview and Level Annotations

Branches:
Dungeon (3/15)

Altars:

Shops:
D:2 (


Message History

The ball python constricts you.
Unknown command.
Okay, then.
Unknown command.
Sorry, you're not good enough to have a special ability.
Unknown command.
You feel very mighty all of a sudden.
The ball python bites you but does no damage.
The endoplasm freezes you.
You are frozen.
The rat bites you but does no damage. The ball python barely misses you.
You riposte.
You closely miss the ball python. The ball python constricts you.
The ball python bites you but does no damage.
You barely miss the ball python.
The ball python is severely wounded.
The endoplasm freezes you.
You are frozen.
You block the ball python's attack. The ball python bites you.
* * * LOW HITPOINT WARNING * * *
The ball python constricts you. The rat bites you but does no damage.
The endoplasm hits you.
* * * LOW HITPOINT WARNING * * *
The ball python barely misses you.
You riposte.
You closely miss the ball python. The ball python constricts you.
The ball python bites you but does no damage.
The rat bites you.
* * * LOW HITPOINT WARNING * * *
You closely miss the ball python.
The ball python is severely wounded.
You block the ball python's attack. The ball python constricts you.
The ball python bites you but does no damage.
The endoplasm freezes you.
You are frozen.
* * * LOW HITPOINT WARNING * * *
The rat bites you but does no damage.
You slash the ball python!
You kill the ball python!
You block the ball python's attack. The ball python constricts you.
You block the endoplasm's attack. You block the rat's attack.
The ball python bites you.
You die...

.###.....
........#
......[.#
........#
...>....#
......!.#######
......†S.......
.....:.@r......
..>....J.######
.........#
########.# ?#
.# .. ##


You could see an endoplasm, a ball python and a rat.

Vanquished Creatures
  An adder (D:2)
  A dart slug (D:2)
  6 ball pythons
  4 endoplasms (D:1)
  2 giant cockroaches (D:2)
  4 hobgoblins (D:2)
  4 jackals (D:1)
  2 kobolds
  A quokka (D:1)
  3 frilled lizards
  4 goblins
  3 rats
35 creatures vanquished.

Notes
Turn   | Place    | Note
-------+----------+-------------------------------------------
     0 | D:1      | nyamberluvr69 the Deep Elf Fighter began the quest for the
                  | Orb.
     0 | D:1      | Reached XP level 1. HP: 13/13 MP: 3/3
    17 | D:1      | Reached skill level 2 in Long Blades
   308 | D:1      | Reached XP level 2. HP: 14/18 MP: 4/4
  1692 | D:2      | Found Rices's Weapon Shop.
  1764 | D:2      | Reached XP level 3. HP: 20/22 MP: 5/5
  1921 | D:2      | Reached skill level 3 in Long Blades
  2149 | D:3      | HP: 1/22 [frozen (1)]
  2150 | D:3      | Slain by a ball python

Illustrated notes

Levels and vault maps discovered:
D:1:      erik_arrival_cave_to_civilisation [erik_arrival_cave_to_hall],
          layout_basic, serial_glass, glass_columns_a, glass_columns_b,
          glass_columns_b, glass_columns_a, glass_columns_b, glass_columns_a,
          glass_columns_b, glass_columns_a, glass_columns_a, glass_columns_a,
          glass_columns_b, glass_columns_c, glass_columns_a, glass_columns_a,
          nrook_mini_backslash
D:2:      layout_basic, serial_shops, nicolae_shop_trees,
          minmay_goblin_kobold_house
D:3:      layout_basic, serial_shops, shop, minmay_cut_off, uniq_natasha

Skill      XL: |  1  2  3 |
---------------+----------+-----
Long Blades    | 2 3 |  3.1
Fighting       | |  2.9
Armour         | |  2.4
Shields        | |  2.4

Action                   || total
-------------------------++-------
Melee: Long sword        ||    96
  Use: Potion            ||     1
Armor: Scale mail        ||    57
Dodge: Dodged            ||    26
Block: Kite shield       ||    45
       Rpst.: Long sword ||     6

Table legend: (Time is in decaauts)
 A = Elapsed time spent in this place.
 B = Non-inter-level travel time spent in this place.
 C = Inter-level travel time spent in this place.
 D = Time resting spent in this place.
 E = Time spent auto-exploring this place.
 F = Levels seen in this place.
 G = Mean time per level.
                   A        B        C        D        E       F      G
               +--------+--------+--------+--------+--------+-----+--------+
         Total |   2198 |   2152 |     46 |    452 |   1348 |   3 |  732.7 |
       Dungeon |   2198 |   2152 |     46 |    452 |   1348 |   3 |  732.7 |
               +--------+--------+--------+--------+--------+-----+--------+

Top non-repeatable levels by time:
     D:1: 1374 daAuts
     D:2: 811 daAuts
     D:3: 12 daAuts
